 Dungeon Crawl Stone Soup version 0.21-a0-404-g291f19a (webtiles) character file.

5 JackS81 the Firebug (level 1, 0/14 HPs)
             Began as a Hill Orc Fire Elementalist on Oct 31, 2017.
             Slain by a kobold
             ... wielding a +0 whip
              (3 damage)
             ... on level 1 of the Dungeon.
             The game lasted 00:02:29 (240 turns).

JackS81 the Firebug (Hill Orc Fire Elementalist)     Turns: 240, Time: 00:02:30

Health: 0/14       AC:  3    Str: 10    XL:     1   Next: 80%
Magic:  2/3        EV: 12    Int: 15    God:
Gold:   13         SH:  0    Dex: 11    Spells: 2/3 levels left

rFire    . . .     SeeInvis .   e - -3 dagger (curse)
rCold    . . .     Gourm    .   (no shield)
rNeg     . . .     Faith    .   a - +1 robe
rPois    .         Spirit   .   (no helmet)
rElec    .         Reflect  .   (no cloak)
rCorr    .         Harm     .   (no gloves)
MR       .....                  (no boots)
Stlth    ++........             (no amulet)
HPRegen  0.04/turn              (no ring)
MPRegen  0.08/turn              (no ring)

@: no status effects
A: no striking features
a: no special abilities


You were on level 1 of the Dungeon.
You were not hungry.

You visited 1 branch of the dungeon, and saw 1 of its levels.

You collected 13 gold pieces.

Inventory:

Hand Weapons
 e - a cursed -3 dagger (weapon)
 j - a +0 dagger
Armour
 a - a +1 robe (worn)
 i - a +0 large shield
Potions
 g - a potion of curing
Books
 b - a book of Flames

   Spells                             Type                      Level
   a - Flame Tongue                   Conjuration/Fire             1
   b - Throw Flame                    Conjuration/Fire             2
   c - Conjure Flame                  Conjuration/Fire             3
   d - Inner Flame                    Hexes/Fire                   3
   e - Sticky Flame                   Conjuration/Fire             4
   f - Fireball                       Conjuration/Fire             5
Comestibles
 c - a bread ration
 h - a meat ration


   Skills:
 - Level 1.5 Dodging
 - Level 1.5 Stealth
 - Level 1.5 Spellcasting
 * Level 1.2 Conjurations
 + Level 3.6 Fire Magic


You had 2 spell levels left.
You knew the following spells:

 Your Spells              Type           Power        Failure   Level  Hunger
a - Flame Tongue          Conj/Fire      #....        9%          1    ##.....


Dungeon Overview and Level Annotations

Branches:
Dungeon (1/15)

Altars:


Message History

It was a potion of heal wounds.
You feel much better.
It was a potion of curing.
You feel better. The kobold closely misses you.
A goblin comes into view.
You closely miss the kobold. The kobold barely misses you.
You closely miss the kobold. The kobold hits you with a whip.
The rat barely misses you.
You hit the kobold but do no damage. The kobold closely misses you.
The rat bites you but does no damage.
You barely miss the kobold. The kobold closely misses you. The rat misses you.
You miss the kobold. The kobold hits you with a whip.
The rat barely misses you.
You barely miss the kobold. The kobold closely misses you.
The rat barely misses you.
You hit the kobold but do no damage. The kobold hits you with a whip.
* * * LOW HITPOINT WARNING * * *
The rat barely misses you.
You closely miss the kobold. The kobold closely misses you. The rat bites you.
* * * LOW HITPOINT WARNING * * *
You barely miss the kobold. The kobold hits you with a whip.
You die...

)...... .......
##....... #(.......
####r.......
#....g......
######.###>...... #
####...#..##########....
..............wr@Kgg....
####...#############....
#...########. # # .
#............ #
#.##...######### ##
#......### ##.
####.....## ##..
#...#..# #. .### #...
######.###########.#....
.##..


You could see a dart slug, a hobgoblin, a goblin, a kobold and a rat.

Vanquished Creatures
  A bat (D:1)
  A jackal (D:1)
  2 goblins (D:1)
  A kobold (D:1)
5 creatures vanquished.

Notes
Turn   | Place    | Note
-------+----------+-------------------------------------------
     0 | D:1      | JackS81 the Hill Orc Fire Elementalist began the quest for the Orb.
     0 | D:1      | Reached XP level 1. HP: 14/14 MP: 3/3
   240 | D:1      | Slain by a kobold

Vault maps used:
D:1:      dpeg_arrival_rhombi

Action                   || total
-------------------------++-------
Melee: Dagger            ||     9
 Cast: Flame Tongue      ||    13
  Use: Potion            ||     2
       Scroll            ||     1
Armor: Robe              ||     2
Dodge: Dodged            ||    16

Table legend:
 A = Spawn XP
 B = Non-spawn XP
 C = Spawn XP percentage of total XP
 D = Spawn monster count
 E = Non-spawn monster count
 F = Spawn count percentage of total count
 G = Total turns spent on level
                    A         B        C        D         E        F      G
               +---------+---------+-------+---------+---------+-------+---------
         Total |       0 |       8 |   0.0 |       0 |       5 |   0.0 |   240
               +---------+---------+-------+---------+---------+-------+---------
           D:1 |       0 |       8 |   0.0 |       0 |       5 |   0.0 |   240
               +---------+---------+-------+---------+---------+-------+---------
